 Dungeon Crawl Stone Soup version 0.30-a0-824-g6c64550be9 (webtiles) character file.

Game seed: 5183614903780946855

19 cforsyth the Sneak (level 2, -2/18 HPs)
             Began as a Kobold Brigand on Feb 28, 2023.
             Slain by a goblin
             ... wielding a +0 club
             ... led by Robin
              (3 damage)
             ... on level 2 of the Dungeon.
             The game lasted 00:00:29 (1004 turns).

cforsyth the Sneak (Kobold Brigand)                 Turns: 1004, Time: 00:00:30

Health: -2/18      AC:  3    Str:  8    XL:     2   Next: 95%
Magic:  2/2        EV: 14    Int: 12    God:
Gold:   79         SH:  0    Dex: 16    Spells: 1/1 levels left

rFire   . . .      SeeInvis .    a - +2 dagger
rCold   . . .      Faith    .    (no shield)
rNeg    . . .      Spirit   .    b - +0 robe
rPois   .          Reflect  .    (no helmet)
rElec   .          Harm     .    c - +0 cloak
rCorr   .          Rampage  .    (no gloves)
Will    .....                    (no boots)
Stlth   ++++                     (no amulet)
HPRegen 0.23/turn                (no ring)
MPRegen 0.08/turn                (no ring)

@: no status effects
A: small, no large weapons, nightstalker 3
a: no special abilities


You were on level 2 of the Dungeon.
You visited 1 branch of the dungeon, and saw 2 of its levels.

You collected 79 gold pieces.

Inventory:

Hand Weapons
 a - a +2 dagger (weapon)
Missiles
 d - 9 poisoned darts (quivered)
 e - 3 curare-tipped darts
Armour
 b - a +0 robe (worn)
 c - a +0 cloak (worn)
Jewellery
 h - a ring of willpower
Scrolls
 f - 2 scrolls of identify {unknown}
 j - a scroll of vulnerability {unknown}
 k - a scroll of immolation {unknown}
Potions
 g - a potion of might {unknown}
 i - a potion of degeneration {unknown}


   Skills:
 + Level 2.5 Fighting
 + Level 3.1 Short Blades
 - Level 2.1 Throwing
 + Level 1.9 Dodging
 + Level 5.6 Stealth


You had one spell level left.
You didn't know any spells.
Your spell library was empty.

Dungeon Overview and Level Annotations

Branches:
Dungeon (2/15)

Altars:

Annotations:
D:2 Robin


Innate Abilities, Weirdness & Mutations

You are small and have problems with some larger weapons.
You are completely attuned to the shadows.


Message History

A goblin comes into view. It is wielding a +0 club. x2
The goblin shouts! x2; You hear a shout!
There is an escape hatch in the floor here.
The goblin shouts! x2
You hit the hobgoblin.
The hobgoblin is lightly wounded.
You barely miss the hobgoblin.
The hobgoblin is lightly wounded.
A hobgoblin comes into view.
The hobgoblin completely misses you.
A hobgoblin comes into view.
A goblin comes into view. It is wielding a +0 dagger.
You hit the hobgoblin.
The hobgoblin is severely wounded.
The hobgoblin misses you.
The hobgoblin hits you but does no damage.
A goblin comes into view. It is wielding a +0 club.
You hit the hobgoblin.
You kill the hobgoblin!
Robin throws the goblin at you! The goblin hits you with a +0 club.
The goblin closely misses you.
You hit the hobgoblin.
The hobgoblin is heavily wounded.
The hobgoblin barely misses you. The goblin hits you but does no damage.
The goblin hits you with a +0 dagger. The goblin barely misses you.
The goblin misses you.
You closely miss the hobgoblin.
The hobgoblin is heavily wounded.
The hobgoblin hits you. The goblin misses you.
The goblin completely misses you.
Robin roars a battlecry!
The goblins go into a battle-frenzy!
The goblin hits you with a +0 club.
* * * LOW HITPOINT WARNING * * *
The goblin hits you with a +0 club.
* * * LOW HITPOINT WARNING * * *
You are too injured to fight recklessly!
The goblin attacks as you move away! The goblin barely misses you.
The goblin hits you with a +0 club.
You die...

.........
#.........
#......g..
....gggg..
....ggg...
....@ggg..
#...g.....
###.........
#...........
#..<........
#...........
#...<..#####
#......#
#......#


You could see Robin, 4 hobgoblins and 7 goblins.

Vanquished Creatures
  3 ball pythons (D:1)
  2 endoplasms (D:1)
  2 goblins (D:1)
  2 hobgoblins
  2 quokkas (D:1)
  A frilled lizard (D:1)
  5 rats (D:1)
17 creatures vanquished.

Notes
Turn   | Place    | Note
-------+----------+-------------------------------------------
     0 | D:1      | cforsyth the Kobold Brigand began the quest for the Orb.
     0 | D:1      | Reached XP level 1. HP: 12/12 MP: 1/1
   244 | D:1      | Reached XP level 2. HP: 12/18 MP: 2/2
   997 | D:2      | Noticed Robin
  1004 | D:2      | Slain by a goblin

Illustrated notes

Levels and vault maps discovered:
D:1:      dpeg_arrival_lava_temple_mockup, layout_loops_ring, serial_bayou,
          serial_bayou_pond_c, serial_bayou_lagoon_a, serial_bayou_pond_d,
          serial_bayou_crossing, minmay_statues_item
D:2:      layout_basic, hellmonk_ecumenical_altar_lost_god, uniq_robin

Skill      XL: |  1  2 |
---------------+-------+-----
Short Blades   | 3 |  3.1
Fighting       | |  2.5
Throwing       | |  2.1
Dodging        | |  1.9
Stealth        | |  5.6

Action                     || total
---------------------------++-------
  Melee: Dagger            ||    29
   Stab: Sleeping          ||    11
 Armour: Robe              ||     4
  Dodge: Dodged            ||    17

Table legend: (Time is in decaauts)
 A = Elapsed time spent in this place.
 B = Non-inter-level travel time spent in this place.
 C = Inter-level travel time spent in this place.
 D = Time resting spent in this place.
 E = Time spent auto-exploring this place.
 F = Levels seen in this place.
 G = Mean time per level.
                   A        B        C        D        E       F      G
               +--------+--------+--------+--------+--------+-----+--------+
         Total |   1038 |   1021 |     17 |      0 |    931 |   2 |  519.0 |
       Dungeon |   1038 |   1021 |     17 |      0 |    931 |   2 |  519.0 |
               +--------+--------+--------+--------+--------+-----+--------+

Top non-repeatable levels by time:
     D:1: 1017 daAuts
     D:2: 20 daAuts
